Map: Triton LE

Players

lIIllllIIlll (INnoVation) - Winner!

  • Race: Terran Terran
  • League: Master
  • Spawn Location: 5:00

Special

  • Race: Terran Terran
  • League: Master
  • Spawn Location: 11:00

Event: HomeStory Cup XX

VOD

Have the link to the VOD?

Description

Time

  • Played on: Nov. 23, 2019, 8:16 a.m.
  • Length: 7:02

All games in this series

Show
View Real Time Build Order
Export as new Build Order

lIIllllIIlll Terran - Winner!

Build Orders: Gas First Reaper Expand 

Get SALT Encoding   

  12  0:00  SCV  
  13  0:12  SCV  
  14  0:17  Supply Depot  
  14  0:24  SCV  
  14  0:27  Refinery  
  15  0:38  SCV  
  16  0:44  Barracks  
  16  0:50  SCV  
  17  1:02  SCV  
  18  1:14  SCV  
  19  1:30  Orbital Command, Reaper  
  20  1:45  Command Center  
  20  1:55  Factory  
  20  1:58  SCV  
  21  2:05  Barracks Reactor  
  21  2:10  SCV  
  21  2:15  Supply Depot  
  22  2:16  Refinery  
  22  2:22  SCV  
  23  2:36  SCV  
  24  2:38  Hellion  
  24  2:42  Starport, Marine x2  
  28  2:49  SCV  
  29  2:57  Orbital Command  
  29  3:01  Factory Tech Lab, SCV  
  29  3:05  Marine x2  
  32  3:13  SCV  
  33  3:23  SCV  
  33  3:24  Marine x2  
  33  3:25  SCV, Raven  
  39  3:31  Factory Tech Lab, Supply Depot  
  39  3:35  SCV  
  39  3:37  SCV  
  41  3:41  Marine  
  41  3:42  Marine  
  41  3:48  SCV  
  44  3:49  SCV  
  44  3:53  Supply Depot  
  44  3:54  Siege Tank  
  48  3:59  Marine x2  
  48  4:01  SCV x2  
  52  4:14  SCV  
  52  4:15  SCV  
  54  4:17  Command Center  
  54  4:22  Starport Reactor  
  54  4:25  Barracks  
  54  4:27  SCV x2  
  54  4:29  Barracks  
  54  4:30  Stimpack  
  56  4:32  Marine  
  56  4:36  Supply Depot  
  57  4:40  SCV x2  
  57  4:45  Siege Tank  
  62  4:48  Refinery x2  
  62  4:57  Marine, SCV x2  
  62  4:59  Supply Depot  
  65  5:02  Supply Depot  
  65  5:07  Starport Reactor  
  65  5:09  SCV x2  
  67  5:16  Engineering Bay  
  67  5:18  Engineering Bay  
  67  5:21  Marine x2, SCV x2  
  67  5:22  Marine  
  72  5:29  Orbital Command  
  71  5:38  SCV x2  
  71  5:39  Marine x3  
  71  5:40  Marine x2  
  73  5:51  Missile Turret  
  73  5:52  Medivac x2  
  73  5:53  SCV  
  73  5:54  Orbital Command  
  78  5:58  SCV  
  78  6:03  Marine x3  
  82  6:09  Siege Tank  
  85  6:12  Supply Depot  
  85  6:15  Missile Turret  
  85  6:16  SCV  
  85  6:18  SCV  
  87  6:27  SCV  
  87  6:28  SCV  
  87  6:30  SCV  
  90  6:34  Marine x5  
  97  6:48  SCV x3  
Show
View Real Time Build Order
Export as new Build Order

Special Terran 

Build Orders: Gas First Reaper Expand, Banshee Rush 

Get SALT Encoding   

  12  0:00  SCV  
  13  0:13  SCV  
  14  0:17  Supply Depot  
  14  0:25  SCV  
  14  0:27  Refinery  
  15  0:39  SCV  
  16  0:43  Barracks  
  16  0:51  SCV  
  17  1:03  SCV  
  18  1:15  SCV  
  19  1:30  Orbital Command, Reaper  
  20  1:41  Command Center  
  20  1:51  Factory  
  20  1:56  SCV  
  21  2:02  Supply Depot  
  21  2:05  Marine  
  22  2:09  SCV  
  22  2:14  Refinery  
  23  2:24  SCV  
  23  2:25  Barracks Tech Lab  
  24  2:35  Hellion  
  24  2:36  SCV  
  27  2:37  Starport  
  27  2:49  SCV  
  27  2:50  Marine  
  29  2:52  Orbital Command  
  29  2:56  Widow Mine  
  31  3:02  SCV  
  32  3:07  Marine, Orbital Command  
  33  3:14  SCV  
  34  3:20  Cloaking Field, Banshee  
  34  3:25  Marine  
  34  3:26  SCV  
  39  3:30  Factory Reactor  
  39  3:33  SCV  
  40  3:38  SCV  
  41  3:43  Supply Depot  
  41  3:44  Marine  
  41  3:45  SCV  
  43  3:50  SCV  
  44  3:57  SCV  
  45  4:03  SCV  
  45  4:04  Banshee  
  49  4:13  Factory Tech Lab, Command Center  
  49  4:15  SCV  
  49  4:16  Marine  
  49  4:17  Marine  
  51  4:22  Supply Depot  
  52  4:24  SCV  
  52  4:27  SCV  
  54  4:40  Supply Depot  
  54  4:43  Siege Tank, SCV  
  58  4:46  SCV  
  58  4:49  Refinery  
  58  4:50  Refinery  
  59  4:54  Marine  
  59  4:56  Viking  
  59  4:58  Supply Depot  
  62  5:01  Viking, SCV x2  
  62  5:02  Stimpack  
  66  5:12  Marine  
  66  5:13  SCV  
  68  5:22  Siege Tank  
  68  5:25  Orbital Command  
  71  5:29  SCV x2  
  71  5:30  Marine, Viking  
  71  5:34  Viking  
  78  5:41  SCV  
  79  5:43  SCV  
  80  5:53  SCV  
  80  5:54  Barracks  
  80  5:55  Orbital Command, Barracks  
  80  5:57  Siege Tank  
  81  6:06  SCV x2  
  81  6:08  Marine  
  81  6:10  Viking x2  
  88  6:14  Engineering Bay  
  88  6:15  Engineering Bay  
  88  6:18  SCV x2  
  90  6:26  Marine  
  90  6:27  SCV  
  90  6:30  SCV  
  93  6:36  Supply Depot x2  
  93  6:37  SCV  
  93  6:39  SCV  
  95  6:42  SCV  
  98  6:49  SCV  
Tags
 
Add a new tag
Caveats
  • Supply blocks, unpowered buildings, or Contaminate may cause inaccurate times.
  • Supply counts are checked every 10 seconds.